[Event "94th Paris-ch  2019"]
[Site "Paris"]
[Date "2019.07.14"]
[Round "9.13"]
[White "Manoeuvre, Antoine"]
[Black "Tomasi, Albert"]
[Result "1-0"]
[ECO "A30"]
[WhiteElo "2325"]
[BlackElo "2300"]
[Annotator "NA"]
[PlyCount "81"]
[EventDate "2019.07.07"]
[EventType "swiss"]
[EventCountry "FRA"]
[SourceTitle "playchess.com"]
[Source "ChessBase"]
[SourceQuality "1"]
[TimeControl "5400+30"]

1. Nf3 Nf6 2. b3 c5 3. c4 d5 4. cxd5 Nxd5 5. g3 Nc6 6. Bb2 f6 7. Nc3 e5 8. Nxd5 Qxd5 9. d3 Be6 10. Bg2 Be7 11. O-O Qd7 12. Qd2 O-O 13. Rfc1 a5 14. Qd1 a4 15. bxa4 Nb4 16. Nd2 Nxa2 17. Rcb1 Rfb8 18. Nc4 Qxa4 19. Qd2 Ra6 20. Bc3 b5 21. Rb2 Nxc3 22. Rxa4 Nxa4 23. Rb1 b4 24. Ra1 Bd7 25. Nb2 b3 26. Bd5+ Kf8 27. Bc4 Raa8 28. Rb1 Rb4 29. Nxa4 Bxa4 30. Qe3 Bc6 31. Qc1 b2 32. Rxb2 Ra3 33. Ra2 Rc3 34. Qa1 Rcxc4 35. dxc4 Rxc4 36. Ra7 Rd4 37. f3 c4 38. Qa6 Be8 39. Rc7 Bf7 40. Qa7 Rd1+ 41. Kg2 1-0

[Event "94th Paris-ch  2019"]
[Site "Paris"]
[Date "2019.07.14"]
[Round "9.14"]
[White "Dutreuil, Raphael"]
[Black "Le Quang, Kim"]
[Result "1/2-1/2"]
[ECO "A86"]
[WhiteElo "2302"]
[BlackElo "2243"]
[Annotator "NA"]
[PlyCount "55"]
[EventDate "2019.07.07"]
[EventType "swiss"]
[EventCountry "FRA"]
[SourceTitle "playchess.com"]
[Source "ChessBase"]
[SourceQuality "1"]
[TimeControl "5400+30"]

1. g3 f5 2. Bg2 Nf6 3. c4 g6 4. d4 Bg7 5. Nh3 d6 6. O-O e5 7. dxe5 dxe5 8. Qxd8+ Kxd8 9. e4 c6 10. exf5 gxf5 11. Ng5 Kc7 12. Re1 Re8 13. b3 Nbd7 14. Bb2 h6 15. Nh3 Bf8 16. Nd2 Bd6 17. Rad1 a5 18. Nf3 e4 19. Nh4 Ne5 20. Nf4 a4 21. Bd4 Bb4 22. Re2 axb3 23. axb3 Ra5 24. Nhg6 Nfd7 25. Ra1 Nxg6 26. Nxg6 Rxa1+ 27. Bxa1 Nc5 28. f3 1/2-1/2

[Event "94th Paris-ch  2019"]
[Site "Paris"]
[Date "2019.07.14"]
[Round "9.15"]
[White "Hingouet, Matthieu"]
[Black "Vardaan Nagpal"]
[Result "0-1"]
[ECO "D30"]
[WhiteElo "2245"]
[BlackElo "2355"]
[Annotator "NA"]
[PlyCount "102"]
[EventDate "2019.07.07"]
[EventType "swiss"]
[EventCountry "FRA"]
[SourceTitle "playchess.com"]
[Source "ChessBase"]
[SourceQuality "1"]
[TimeControl "5400+30"]

1. d4 d5 2. c4 c6 3. Nf3 e6 4. Qc2 Nf6 5. g3 dxc4 6. Qxc4 b5 7. Qc2 Bb7 8. Bg2 Nbd7 9. O-O c5 10. Rd1 Rc8 11. Qb3 a6 12. dxc5 Bxc5 13. Ne5 Qb6 14. Nxd7 Nxd7 15. Bxb7 Qxb7 16. Be3 O-O 17. Nd2 Nf6 18. Rac1 Bxe3 19. Qxe3 Nd5 20. Qe4 Rxc1 21. Rxc1 Rc8 22. Rxc8+ Qxc8 23. Nb3 h6 24. h4 h5 25. Kg2 Nf6 26. Qd3 Qc6+ 27. Kg1 Ng4 28. Qd8+ Kh7 29. Qd3+ g6 30. Qf3 Qc7 31. Qc3 Qd6 32. Qd4 Qc6 33. Nc5 e5 34. Qc3 Qd5 35. Nxa6 Qxa2 36. Nc5 Qd5 37. Nd3 e4 38. Nf4 Qd7 39. Kg2 Qa7 40. Nh3 Qb7 41. Qd4 f6 42. Nf4 f5 43. Ne6 Qe7 44. Ng5+ Kg8 45. Qd5+ Kg7 46. Qxb5 Qa7 47. Nh3 Qd4 48. Qb7+ Kf8 49. b4 Qc4 50. Nf4 Qf7 51. b5 Qxb7 0-1

[Event "94th Paris-ch  2019"]
[Site "Paris"]
[Date "2019.07.14"]
[Round "9.16"]
[White "Lutard, Theo"]
[Black "Eden, James"]
[Result "1/2-1/2"]
[ECO "C50"]
[WhiteElo "2222"]
[BlackElo "2343"]
[Annotator "NA"]
[PlyCount "153"]
[EventDate "2019.07.07"]
[EventType "swiss"]
[EventCountry "FRA"]
[SourceTitle "playchess.com"]
[Source "ChessBase"]
[SourceQuality "1"]
[TimeControl "5400+30"]

1. e4 e5 2. Nf3 Nc6 3. Bc4 Nf6 4. d3 Bc5 5. O-O O-O 6. h3 h6 7. c3 d5 8. exd5 Nxd5 9. Re1 Re8 10. d4 Bb6 11. dxe5 Be6 12. Bf1 Qe7 13. c4 Ndb4 14. a3 Rad8 15. Qb3 Na6 16. Be3 Bf5 17. Bxb6 axb6 18. Qe3 Bxb1 19. Raxb1 Nc5 20. Qf4 Ne6 21. Qf5 Ned4 22. Nxd4 Rxd4 23. Qf3 Qg5 24. e6 fxe6 25. g3 e5 26. Qe3 Qf6 27. b4 e4 28. Rbd1 Kh8 29. Be2 Red8 30. Rxd4 Rxd4 31. Kg2 Qd6 32. f3 Ne5 33. fxe4 Rd2 34. Kg1 Rc2 35. Rf1 Qe6 36. g4 Ng6 37. Bd3 Ra2 38. Qd4 Qe5 39. Qxe5 Nxe5 40. Rf8+ Kh7 41. Bf1 Rxa3 42. Rc8 Ra2 43. Bg2 c6 44. b5 c5 45. Rc7 Kg6 46. Rxb7 Kg5 47. Rxg7+ Kf4 48. Re7 Nxc4 49. Rf7+ Kg3 50. Rf3+ Kh4 51. Kh2 Kg5 52. Kg3 Ra3 53. h4+ Kg6 54. Kf4 Rxf3+ 55. Bxf3 Na3 56. Be2 c4 57. Ke3 c3 58. e5 Kf7 59. g5 hxg5 60. hxg5 Nc2+ 61. Kd3 Nd4 62. Bh5+ Kg7 63. Kxc3 Nxb5+ 64. Kd3 Nc7 65. Ke4 Ne6 66. Kf5 Nd4+ 67. Ke4 Ne6 68. Kf5 Nd4+ 69. Kf4 Ne6+ 70. Kg4 b5 71. Be8 b4 72. Bd7 Nc5 73. e6 Kf8 74. g6 b3 75. e7+ Kxe7 76. Bf5 Kf6 77. Bb1 1/2-1/2

[Event "94th Paris-ch  2019"]
[Site "Paris"]
[Date "2019.07.14"]
[Round "9.17"]
[White "Smith, Matthieu"]
[Black "Jeet, Jain"]
[Result "0-1"]
[ECO "D05"]
[WhiteElo "2208"]
[BlackElo "2258"]
[Annotator "NA"]
[PlyCount "164"]
[EventDate "2019.07.07"]
[EventType "swiss"]
[EventCountry "FRA"]
[SourceTitle "playchess.com"]
[Source "ChessBase"]
[SourceQuality "1"]
[TimeControl "5400+30"]

1. d4 d5 2. Nf3 Nf6 3. e3 e6 4. Bd3 c5 5. c3 Nc6 6. Nbd2 Bd6 7. O-O O-O 8. dxc5 Bxc5 9. e4 Qc7 10. Qe2 Be7 11. e5 Nd7 12. Re1 f5 13. exf6 Nxf6 14. c4 Bc5 15. h3 Kh8 16. a3 a5 17. b3 e5 18. cxd5 Nxd5 19. Qe4 Nf6 20. Qh4 Be6 21. Bb2 Rad8 22. Bxe5 Nxe5 23. Nxe5 Rd4 24. Qg3 Bd6 25. Ndc4 Bxc4 26. Bxc4 g6 27. Qe3 Rh4 28. Nf3 Rf4 29. a4 Bc5 30. Qe5 Qxe5 31. Rxe5 Ne4 32. Rf1 b6 33. Bd3 Nd6 34. Rfe1 Bb4 35. R1e2 Rc8 36. Rc2 Bc5 37. Rd5 Ne8 38. Re2 Ng7 39. Bc4 Rcf8 40. Rde5 Rd8 41. Rd5 Rdf8 42. Rd7 Nf5 43. Red2 Ne7 44. Rd8 Rxd8 45. Rxd8+ Kg7 46. Rd3 h6 47. g3 Rf8 48. Kg2 Nf5 49. h4 Nd6 50. Bd5 Re8 51. Kf1 Kf6 52. Nd2 g5 53. hxg5+ hxg5 54. Bf3 Bb4 55. Kg2 Rc8 56. Nf1 Nf5 57. Bg4 Rc5 58. Rf3 Kg6 59. Bxf5+ Rxf5 60. Rxf5 Kxf5 61. Kf3 Ke5 62. Kg4 Be7 63. Ne3 Ke4 64. Nc4 Bd8 65. f3+ Kd4 66. Nd6 Kc3 67. Nf7 Be7 68. Nxg5 Kxb3 69. f4 Kxa4 70. Kf5 Kb3 71. Nf3 a4 72. Nd4+ Kc4 73. Nc2 Kc3 74. Na1 Kb2 75. Ke6 Bb4 76. g4 Kxa1 77. g5 a3 78. g6 Bc3 79. f5 a2 80. f6 Bxf6 81. Kxf6 Kb1 82. g7 a1=Q+ 0-1

[Event "94th Paris-ch  2019"]
[Site "Paris"]
[Date "2019.07.14"]
[Round "9.18"]
[White "Gervasio, Ricardo"]
[Black "Douriet Duany, Alexis"]
[Result "1-0"]
[ECO "D00"]
[WhiteElo "2223"]
[BlackElo "2247"]
[Annotator "NA"]
[PlyCount "61"]
[EventDate "2019.07.07"]
[EventType "swiss"]
[EventCountry "FRA"]
[SourceTitle "playchess.com"]
[Source "ChessBase"]
[SourceQuality "1"]
[TimeControl "5400+30"]

1. Nf3 Nf6 2. d4 g6 3. Nc3 d5 4. Bf4 Bg7 5. e3 O-O 6. h3 c5 7. Nb5 Na6 8. c3 Bd7 9. a4 c4 10. b3 Qa5 11. Nd2 cxb3 12. Nxb3 Qb6 13. a5 Qd8 14. Nd2 Ne8 15. Qb3 Bc6 16. Bd3 Nac7 17. Nxc7 Nxc7 18. O-O Rc8 19. Rfc1 Qd7 20. Rab1 a6 21. Bg3 Rfe8 22. c4 e5 23. cxd5 Bxd5 24. Bc4 Bc6 25. Nf3 Bxf3 26. gxf3 exd4 27. exd4 Nb5 28. Bxb5 Rxc1+ 29. Rxc1 axb5 30. Rc7 Qf5 31. Kg2 1-0

[Event "94th Paris-ch  2019"]
[Site "Paris"]
[Date "2019.07.14"]
[Round "9.19"]
[White "French, Max"]
[Black "Girel, Joseph"]
[Result "1/2-1/2"]
[ECO "D87"]
[WhiteElo "2232"]
[BlackElo "2215"]
[Annotator "NA"]
[PlyCount "54"]
[EventDate "2019.07.07"]
[EventType "swiss"]
[EventCountry "FRA"]
[SourceTitle "playchess.com"]
[Source "ChessBase"]
[SourceQuality "1"]
[TimeControl "5400+30"]

1. d4 Nf6 2. c4 g6 3. Nc3 d5 4. cxd5 Nxd5 5. e4 Nxc3 6. bxc3 Bg7 7. Bc4 c5 8. Ne2 Nc6 9. Be3 O-O 10. O-O b6 11. dxc5 Qc7 12. Bf4 Ne5 13. Bd5 Rb8 14. cxb6 axb6 15. Qa4 e6 16. Bb3 Bb7 17. Rfd1 Ra8 18. Qb4 Ba6 19. c4 Qc6 20. Bxe5 Bxe5 21. Rac1 Qxe4 22. Ng3 Qc6 23. c5 Bb7 24. f3 Bc7 25. Kh1 Rfd8 26. Ne4 Rxd1+ 27. Rxd1 Rd8 1/2-1/2